 Dungeon Crawl Stone Soup version 0.27-a0-802-gbe893936b8 (webtiles) character file.

Game seed: 4181751889798088443

7 vudkwe the Digger (level 2, -1/15 HPs)
             Began as a Gargoyle Earth Elementalist on Mar 28, 2021.
             Slain by a gnoll
             ... wielding a +0 club
              (5 damage)
             ... on level 2 of the Dungeon.
             The game lasted 00:01:08 (1278 turns).

vudkwe the Digger (Gargoyle Earth Elementalist)     Turns: 1278, Time: 00:01:08

Health: -1/15      AC:  4    Str: 11    XL:     2   Next: 4%
Magic:  5/5        EV: 11    Int: 15    God:
Gold:   57         SH:  0    Dex: 10    Spells: 4/5 levels left

rFire    . . .     SeeInvis .   f - +0 falchion
rCold    . . .     Faith    .   (no shield)
rNeg     + . .     Spirit   .   c - +0 robe
rPois    ∞         Reflect  .   (no helmet)
rElec    +         Harm     .   (no cloak)
rCorr    .         Rampage  .   (no gloves)
Will     .....                  (no boots)
Stlth    ++........             (no amulet)
HPRegen  0.05/turn              (no ring)
MPRegen  0.09/turn              (no ring)

@: very slightly contaminated, invisible
A: AC +2, negative energy resistance 1, electricity resistance, torment
resistance 1, unbreathing 1, petrification resistance
a: no special abilities


You were on level 2 of the Dungeon.
You visited 1 branch of the dungeon, and saw 2 of its levels.

You collected 57 gold pieces.

Inventory:

Hand Weapons
 e - a +0 club
 f - a +0 falchion (weapon)
Missiles
 b - 48 stones
Armour
 c - a +0 robe (worn)
Scrolls
 a - a scroll of acquirement {unknown}


   Skills:
 - Level 1.5 Dodging
 - Level 2.1 Stealth
 + Level 2.3 Spellcasting
 - Level 0.7 Transmutations
 + Level 4.0 Earth Magic


You had 4 spell levels left.
You knew the following spells:

 Your Spells              Type           Power      Damage    Failure   Level
a - Sandblast             Erth           26%        2d8       4%          1

Your spell library contained the following spells:

 Spells                   Type           Power      Damage    Failure   Level
 Passwall                 Tmut/Erth      6%         N/A       12%         2
 Stone Arrow              Conj/Erth      14%        3d7       28%         3
 Petrify                  Tmut/Erth      8%         N/A       63%         4
 Lee's Rapid Deconstruct  Erth           6%         3d7*      75%         5


Dungeon Overview and Level Annotations

Branches:
Dungeon (2/15)

Altars:


Innate Abilities, Weirdness & Mutations

Your stone body is resilient. (AC +2)
You are immune to poison.
You resist negative energy. (rN+)
You are resistant to electric shocks. (rElec)
You are resistant to unholy torment.
You can survive without breathing.
You are immune to petrification.


Message History

There is a stone staircase leading down here.
You climb downwards.
A hobgoblin and a kobold come into view.
Found 28 sling bullets.
Found an escape hatch in the ceiling.
There is a stone staircase leading up here.
The kobold shouts!
The hobgoblin shouts!
The kobold hits you with a +0 dagger.
You barely miss the kobold.
A gnoll comes into view. It is wielding a +0 club.
The hobgoblin barely misses you. The kobold hits you but does no damage.
The gnoll shouts!
You hit the hobgoblin but do no damage.
You hear a shout! x3
A gnoll comes into view. It is wielding a +0 whip.
The hobgoblin completely misses you. The kobold hits you but does no damage.
You hit the hobgoblin.
The hobgoblin is severely wounded.
The hobgoblin hits you. The kobold hits you with a +0 dagger.
You barely miss the hobgoblin.
The hobgoblin is severely wounded.
The hobgoblin closely misses you. The kobold hits you with a +0 dagger.
The gnoll hits you but does no damage.
The hobgoblin hits you but does no damage.
The kobold hits you but does no damage. The gnoll barely misses you.
You are too injured to fight recklessly!
You are too injured to fight recklessly!
You are too injured to fight recklessly!
Unknown command.
It was a potion of invisibility.
You fade into invisibility!
A gnoll comes into view. It is wielding a +0 flail.
The hobgoblin misses you. The kobold hits you with a +0 dagger.
* * * LOW HITPOINT WARNING * * *
The gnoll closely misses you. The gnoll hits you with a +0 club.
* * * LOW HITPOINT WARNING * * *
You are very lightly contaminated with residual magic.
Unknown command.
There is a stone staircase leading up here.
The hobgoblin closely misses you. The gnoll hits you with a +0 club.
You die...

.... #########
.... #.......#
.....
#.......##(...
#.......#.....
#.........####.
#.....gg<....g.
#....Kg@#.....
#.......# ...
#.......# .
#########


You could see 3 gnolls, a hobgoblin and a kobold.

Vanquished Creatures
  An endoplasm (D:1)
  A goblin (D:1)
  A hobgoblin (D:1)
  A quokka (D:1)
  A ball python (D:1)
  A frilled lizard (D:1)
  A rat (D:1)
7 creatures vanquished.

Notes
Turn   | Place    | Note
-------+----------+-------------------------------------------
     0 | D:1      | vudkwe the Gargoyle Earth Elementalist began the quest for
                  | the Orb.
     0 | D:1      | Reached XP level 1. HP: 10/10 MP: 3/3
   605 | D:1      | Reached XP level 2. HP: 3/15 MP: 0/5
  1107 | D:1      | Reached skill level 4 in Earth Magic
  1278 | D:2      | Slain by a gnoll

Illustrated notes

Levels and vault maps discovered:
D:1:      dpeg_arrival_pond, layout_loops_ring, columned_hall_lemuel,
          nrook_campfire, grunt_decor_resistance
D:2:      layout_rooms

Skill      XL: |  1  2 |
---------------+-------+-----
Earth Magic    | 4 |  4.0
Dodging        | |  1.5
Stealth        | |  2.1
Spellcasting   | |  2.3
Transmutations | |  0.7

Action                   || total
-------------------------++-------
Melee: Club              ||    12
       Unarmed           ||     8
       Falchion          ||     4
 Cast: Sandblast         ||     9
  Use: Potion            ||     1
 Stab: Sleeping          ||     2
Armor: Robe              ||    10
Dodge: Dodged            ||    20

Table legend: (Time is in decaauts)
 A = Elapsed time spent in this place.
 B = Non-inter-level travel time spent in this place.
 C = Inter-level travel time spent in this place.
 D = Time resting spent in this place.
 E = Time spent auto-exploring this place.
 F = Levels seen in this place.
 G = Mean time per level.
                   A        B        C        D        E       F      G
               +--------+--------+--------+--------+--------+-----+--------+
         Total |   1281 |   1225 |     56 |      0 |   1153 |   2 |  640.5 |
       Dungeon |   1281 |   1225 |     56 |      0 |   1153 |   2 |  640.5 |
               +--------+--------+--------+--------+--------+-----+--------+

Top non-repeatable levels by time:
     D:1: 1270 daAuts
     D:2: 11 daAuts
